 Dungeon Crawl Stone Soup version 0.32-a0-818-gb728d0252e (webtiles) character file.

Game seed: 9183462386491026636

38 Aldia the Trooper (level 3, -1/37 HPs)
             Began as an Oni Warper on Mar 23, 2024.
             Slain by a gnoll
             ... wielding a +0 halberd
              (11 damage)
             ... on level 2 of the Dungeon.
             The game lasted 00:02:44 (1373 turns).

Aldia the Trooper (Oni Warper)                      Turns: 1373, Time: 00:02:45

Health: -1/37      AC:  3    Str: 15    XL:     3   Next: 43%
Magic:  6/6        EV:  8    Int: 16    God:
Gold:   89         SH:  0    Dex:  8    Spells: 3/7 levels left

rFire   . . .        k - +0 whip
rCold   . . .        (no shield)
rNeg    . . .        b - +0 robe
rPois   .            (helmet restricted)
rElec   .            (no cloak)
rCorr   .            (gloves unavailable)
SInv    .            (boots unavailable)
Will    .....        (no amulet)
Stlth   +            (no ring)
HPRegen 0.26/turn    (no ring)
MPRegen 0.10/turn

%: no passive effects
@: no status effects
A: large, unfitting armour, horns 1, tough skin 1, double potion healing,
drunken brawling
a: no special abilities


You were on level 2 of the Dungeon.
You visited 1 branch of the dungeon, and saw 2 of its levels.

You collected 89 gold pieces.

Inventory:

Hand Weapons
 a - a +0 mace
 k - a +0 whip (weapon)
Missiles
 d - 7 darts of dispersal (quivered)
Armour
 b - a +0 robe (worn)
Scrolls
 c - a scroll of blinking
 f - a scroll of enchant armour {unknown}
 j - a scroll of fear {unknown}
Potions
 e - a potion of attraction {unknown}
 h - a potion of mutation {unknown}
 i - a potion of heal wounds
 l - 2 potions of curing {unknown}


   Skills:
 + Level 3.5 Fighting
 * Level 3.2 Maces & Flails
 - Level 1.0 Throwing
 - Level 2.1 Dodging
 - Level 2.5 Spellcasting
 + Level 2.7 Translocations


You had 3 spell levels left.
You knew the following spells:

 Your Spells              Type           Power      Damage    Failure   Level
a - Blink                 Tloc           20%        N/A       10%         2
b - Lesser Beckoning      Tloc           20%        N/A       10%         2

Your spell library contained the following spells:

 Spells                   Type           Power      Damage    Failure   Level
 Momentum Strike          Conj/Tloc      12%        3d8       17%         2
 Teleport Other           Tloc           10%        N/A       19%         3
 Hailstorm                Conj/Ice       2%         3d5       52%         3
 Summon Ice Beast         Ice/Summ       2%         N/A       52%         3
 Manifold Assault         Tloc           10%        N/A       54%         4
 Vhi's Electric Charge    Tloc/Air       12%        N/A       73%         4
 Permafrost Eruption      Ice/Erth       1%         2x4d2     100%        6
 Sculpt Simulacrum        Ice/Alch       1%         N/A       100%        6


Dungeon Overview and Level Annotations

Branches:
Dungeon (2/15)

Altars:


Innate Abilities, Weirdness & Mutations

You are too large for most types of armour.
You have a pair of small horns on your head.
You have tough skin. (AC +1)
You gain doubled healing and magic from potions.
Whenever you drink a healing potion, you attack all around you.


Message History

The gnoll is moderately wounded.
Your surroundings suddenly seem different.
Found a ring mail.
You aren't carrying any items that you can evoke.
Okay, then.
The gnoll shouts!
You hear a shout!
You see here a +0 quarterstaff.
The gnoll barely misses you. The gnoll hits you with a +0 halberd!
You take a swig of the potion and twirl your +0 whip.
You hit the gnoll.
The gnoll is moderately wounded.
It was a potion of heal wounds.
You savour every drop.
You feel much better. The gnoll barely misses you.
You hit the gnoll. You headbutt the gnoll.
The gnoll is heavily wounded.
The gnoll closely misses you.
You hit the gnoll.
The gnoll is severely wounded.
The gnoll hits you but does no damage.
You barely miss the gnoll. Your headbutt misses the gnoll.
The gnoll is heavily wounded.
The gnoll hits you with a +0 halberd!
You hit the gnoll but do no damage.
The gnoll is heavily wounded.
The gnoll misses you.
You completely miss the gnoll. You headbutt the gnoll.
The gnoll is severely wounded.
The gnoll barely misses you.
You hit the gnoll.
The gnoll is almost dead.
The gnoll hits you with a +0 halberd!
You closely miss the gnoll.
The gnoll is almost dead.
The gnoll hits you with a +0 halberd!
* * * LOW HITPOINT WARNING * * *
You hit the gnoll but do no damage.
The gnoll is almost dead.
The gnoll hits you with a +0 halberd!
You die...

..........<....+....#.(..##.#
..###.............รท......##.#
... #.#...g..#.#.#.#.#.#.##.#
.#.##.##.................##.#
.#.##.##......#.#.#.#.#.###.#
.#.##.##.#'#....g.......###.#
......##.#.#####g##.........#
#.#...#.#.### #g######.#####
...........# #@# #.#
#...#.....# #.# #.#
#..#.....###.# #.#
#.<#.........# #.#
#.....###.#.##########[#
#####.# #.#............# #.#
#.############## ..# #.# ###
#.# ##########


You could see 3 gnolls.

Vanquished Creatures
  A gnoll (D:2)
  An adder (D:2)
  4 ball pythons
  2 endoplasms (D:1)
  2 goblins (D:1)
  3 hobgoblins (D:1)
  A quokka (D:1)
  A bat (D:2)
  2 frilled lizards
  2 kobolds (D:1)
  A rat (D:1)
20 creatures vanquished.

Notes
Turn   | Place    | Note
-------+----------+-------------------------------------------
     0 | D:1      | Aldia the Oni Warper began the quest for the Orb.
     0 | D:1      | Reached XP level 1. HP: 22/22 MP: 3/3
   290 | D:1      | Reached XP level 2. HP: 28/31 MP: 5/5
   293 | D:1      | Learned a level 2 spell: Blink
   296 | D:1      | Learned a level 2 spell: Lesser Beckoning
  1039 | D:2      | Reached XP level 3. HP: 35/37 MP: 6/6
  1230 | D:2      | Found a faded altar of an unknown god.
  1373 | D:2      | Slain by a gnoll

Illustrated notes

Levels and vault maps discovered:
D:1:      heliophobic_arrival_ceremonial_halls, layout_loops_ring
D:2:      layout_loops_corners, shapermc_ecumenical_altar_totnotflames,
          minmay_misc_feat_pillars, chequers_hall_statues_y

Skill      XL: |  1  2 |
---------------+-------+-----
Fighting       | 3 |  3.5
Maces & Flails | 3 |  3.2
Throwing       | |  1.0
Dodging        | |  2.1
Spellcasting   | |  2.5
Translocations | |  2.7

Action                     || total
---------------------------++-------
  Melee: Mace              ||    47
         Whip              ||    39
         Headbutt          ||     7
    Use: Scroll            ||     2
         Potion            ||     1
 Armour: Robe              ||    66
  Dodge: Dodged            ||    41

Table legend: (Time is in decaauts)
 A = Elapsed time spent in this place.
 B = Non-inter-level travel time spent in this place.
 C = Inter-level travel time spent in this place.
 D = Time resting spent in this place.
 E = Time spent auto-exploring this place.
 F = Levels seen in this place.
 G = Mean time per level.
                   A        B        C        D        E       F      G
               +--------+--------+--------+--------+--------+-----+--------+
         Total |   1384 |   1354 |     30 |      0 |   1124 |   2 |  692.0 |
       Dungeon |   1384 |   1354 |     30 |      0 |   1124 |   2 |  692.0 |
               +--------+--------+--------+--------+--------+-----+--------+

Top non-repeatable levels by time:
     D:1: 956 daAuts
     D:2: 428 daAuts
